Americans vs Wolfpack

Created - March 27, 2025 at 19:39

Goals
1 2 3 T
Americans 1 1 0 2
Wolfpack 0 2 3 5
Shots
1 2 3 T
Americans 6 14 5 25
Wolfpack 8 13 10 31

1st period

1. Americans , Ryan Fitzgerald 37 (Vladimir Tkachev 25, Dillon Heatherington 16) at 12:17 (PP)

Penalties :
Devon Teows (Roc) for High sticking (Minor) at 9:13, Linus Sandin (Har) for High sticking (Double Minor) at 11:39

2nd period

2. Wolfpack , Jake Marchment 12 (Colton White 29) at 15:57
3. Wolfpack , Alexander Barabanov 28 (Alex Barre-Boulet 37, K'Andre Miller 14) at 18:34 (SH)
4. Americans , Teemu Pulkkinen 21 (Adam Brooks 10) at 18:48 (PP)

Penalties :
Nolan Patrick (Har) for Tripping (Minor) at 0:16, Jeffrey Viel (Har) for Delaying the game (Minor) at 5:34, Gianni Fairbrother (Roc) for Tripping (Minor) at 9:08, Ryan Culkin (Har) for High sticking (Minor) at 17:39

3rd period

5. Wolfpack , Colton White 10 (Yegor Korshkov 22, Jake Marchment 17) at 4:42
6. Wolfpack , Sebastian Collberg 35 (Derrick Pouliot 46, Colton White 30) at 6:01 (PP)
7. Wolfpack , Sebastian Collberg 36 (Nolan Patrick 48, Colton White 31) at 6:11

Penalties :
Devon Teows (Roc) for Hooking (Minor) at 4:53, Shane Pinto (Har) for Tripping (Minor) at 10:32, Devon Teows (Roc) for Boarding (Major) at 11:29, Richard Nejezchleb (Roc) for Cross-checking (Minor) at 18:52

Goalie Stats

Connor Hellebyuk (Roc), 26 saves from 31 shots - (0.839), L, 26-23-4, 60:00 minutes
Charlie Lindgren (Har), 23 saves from 25 shots - (0.920), W, 23-8-2, 60:00 minutes

Players Stats for Americans

Player Name              G  A  P  +/- PIM S  H  SB GA TA FO     MP     PP MP  PK MP  
------------------------------------------------------------------------------------
Adam Brooks              0  1  1  -2  0   2  2  1  1  1  12/24  23:12   4:34   5:08 
Alex Schoenborn          0  0  0  -2  0   1  1  0  0  0  0/0     9:11   0:00   0:00 
Anthony Romano           0  0  0   0  0   0  0  0  0  0  0/0     0:00   0:00   0:00 
Christopher Paquette     0  0  0   0  0   0  0  0  0  0  2/2     2:29   0:00   2:29 
Daniel Sprong            0  0  0   0  0   0  0  0  0  0  0/0    15:07   4:00   0:00 
Devon Teows              0  0  0  -2  9   2  1  0  0  0  0/0    21:44   5:22   1:42 
Dillon Heatherington     0  1  1  -2  0   1  1  1  1  1  0/0    26:43   5:23   5:41 
Dmitri Semykin           0  0  0   0  0   0  0  0  0  0  0/0     4:45   0:00   0:00 
Felix Bibeau             0  0  0   0  0   1  0  0  0  0  0/0     6:55   0:00   0:00 
Gianni Fairbrother       0  0  0   0  2   0  0  0  0  0  0/0     5:35   0:00   0:46 
Jacob Larsson            0  0  0  -2  0   2  0  0  2  1  0/0    18:36   2:51   4:29 
John Leonard             0  0  0  -2  0   1  0  0  1  0  0/0     9:11   0:00   0:00 
Lauri Pajuniemi          0  0  0   0  0   0  0  0  0  0  0/0     0:07   0:07   0:00 
Matt Grzelcyk            0  0  0  -2  0   0  3  0  0  1  0/0    18:36   2:51   4:29 
Maxim Mamin              0  0  0   0  0   0  0  0  0  0  0/0     0:12   0:07   0:04 
Michael McCarron         0  0  0  -2  0   0  1  0  0  1  1/3     9:11   0:00   0:00 
Nathan Noel              0  0  0   0  0   1  0  0  0  0  1/1     6:55   0:00   0:00 
Peyton Krebs             0  0  0   0  0   0  0  0  0  0  0/0     0:00   0:00   0:00 
Richard Nejezchleb       0  0  0  -2  2   1  1  1  0  1  1/3    20:24   4:34   2:43 
Ryan Fitzgerald          1  0  1   0  0   5  0  2  3  0  7/11   18:38   4:00   3:06 
Spencer Stastney         0  0  0   0  0   0  1  0  0  0  0/0    10:35   0:27   0:00 
Teemu Pulkkinen          1  0  1  -2  0   4  2  0  2  0  6/10   23:44   4:41   5:32 
Vladimir Tkachev         0  1  1   0  0   3  0  0  0  0  1/1    16:25   4:00   1:18 
Xavier Bouchard          0  0  0   0  0   0  1  1  0  0  0/0    13:33   0:27   3:13 
Zachary Senyshyn         0  0  0   0  0   1  0  0  0  0  0/0     6:55   0:00   0:00 

Players Stats for Wolfpack

Player Name              G  A  P  +/- PIM S  H  SB GA TA FO     MP     PP MP  PK MP  
------------------------------------------------------------------------------------
Alex Barre-Boulet        0  1  1   1  0   2  1  0  2  0  2/6    17:49   4:21   2:10 
Alexander Barabanov      1  0  1   1  0   2  1  0  0  1  0/0    18:40   4:21   3:14 
Andrei Altybarmakyan     0  0  0   0  0   2  1  0  0  0  0/0     7:46   0:00   0:00 
Cale Fleury              0  0  0   1  0   0  0  2  0  0  0/0    10:14   0:00   0:19 
Colton White             1  3  4   3  0   2  1  1  0  0  0/0    28:38   5:46   5:22 
Derrick Pouliot          0  1  1   3  0   3  2  3  0  2  0/0    28:38   5:46   5:22 
Dryden Hunt              0  0  0   1  0   2  0  1  0  0  0/2    23:04   5:10   5:22 
Jake Marchment           1  1  2   2  0   1  3  1  0  1  1/6    11:13   0:39   1:01 
Jeffrey Viel             0  0  0   0  2   0  1  0  0  0  0/0     9:01   0:39   0:31 
Joshua Jacobs            0  0  0   0  0   0  0  1  0  0  0/0     9:55   0:00   0:00 
K'Andre Miller           0  1  1   1  0   0  1  3  0  0  0/0    21:27   4:24   3:19 
Linus Sandin             0  0  0   2  4   3  1  0  1  1  0/0    10:10   0:00   0:00 
Nolan Patrick            0  1  1   1  2   5  3  2  0  1  21/37  22:17   5:10   4:23 
Owen Tippet              0  0  0   0  0   1  1  0  0  0  0/1    14:31   4:31   0:00 
Ryan Culkin              0  0  0   0  2   1  1  1  0  3  0/0    21:07   4:24   3:00 
Sebastian Collberg       2  0  2   1  0   4  1  0  1  1  0/2    17:17   5:14   0:00 
Shane Pinto              0  0  0   0  2   1  1  0  1  0  0/1     8:48   0:25   0:37 
Yegor Korshkov           0  1  1   2  0   2  0  0  1  0  0/0     9:37   0:00   0:04 

3 Stars

1 - Colton White (Har)
2 - Jake Marchment (Har)
3 - Sebastian Collberg (Har)

Power Play

Americans - 2 on 6 Attempt(s) - 33.33%
Wolfpack - 1 on 5 Attempt(s) - 20.00%

Penalty Kill

Americans - 4 on 5 Attempt(s) - 80.00% - Score 0 goal in Penalty Kill
Wolfpack - 4 on 6 Attempt(s) - 66.67% - Score 1 goal in Penalty Kill

Team Stat

Americans - Hits : 14 - Faceoff Wins : 31 - Blocked Shots : 6 - Penalty Minutes : 13
Wolfpack - Hits : 19 - Faceoff Wins : 24 - Blocked Shots : 15 - Penalty Minutes : 12

Official

Referees : Chris Schlenker and Kendrick Nicholson
Linesman : Travis Gawryletz and Kyle Flemington

Game Notes

4:42 of 3rd period - Wolfpack goal is going for a video replay. After video review, Goal.
6:01 of 3rd period - Wolfpack goal is going for a video replay. After video review, Goal.

Finance

Level 1 -- Attendance: 2000 (100.00%) -- Ticket Income $140,000
Level 2 -- Attendance: 955 (95.50%) -- Ticket Income $38,200
Total Attendance: 2955 (98.50%)
Total Ticket Income: $178,200
Other Income: $8,910
Total Income: $187,110

Americans

5 vs 5 Forward 
   Center                   Left Wing                Right Wing               Time % Phy DF OF 
 1 Adam Brooks              Teemu Pulkkinen          Richard Nejezchleb       40     1   2  2  
 2 Ryan Fitzgerald          Vladimir Tkachev         Daniel Sprong            30     1   2  2  
 3 Michael McCarron         John Leonard             Alex Schoenborn          20     1   2  2  
 4 Nathan Noel              Felix Bibeau             Zachary Senyshyn         10     1   2  2  

5 vs 5 Defense 
   Defense                  Defense                                           Time % Phy DF OF 
 1 Dillon Heatherington     Devon Teows                                       40     1   2  2  
 2 Jacob Larsson            Matt Grzelcyk                                     30     1   2  2  
 3 Spencer Stastney         Xavier Bouchard                                   20     1   2  2  
 4 Gianni Fairbrother       Dmitri Semykin                                    10     1   2  2  

PowerPlay Forward 
   Center                   Left Wing                Right Wing               Time % Phy DF OF 
 1 Adam Brooks              Teemu Pulkkinen          Richard Nejezchleb       60     1   2  2  
 2 Ryan Fitzgerald          Vladimir Tkachev         Daniel Sprong            40     1   2  2  

PowerPlay Defense
   Defense                  Defense                                           Time % Phy DF OF 
 1 Dillon Heatherington     Devon Teows                                       60     1   2  2  
 2 Jacob Larsson            Matt Grzelcyk                                     40     1   2  2  

Penalty Kill 4 Players Forward 
   Center                   Wing                     Time % Phy DF OF 
 1 Teemu Pulkkinen          Adam Brooks              60     1   2  2  
 2 Ryan Fitzgerald          Richard Nejezchleb       40     1   2  2  

Penalty Kill 4 Players Defense
   Defense                  Defense                  Time % Phy DF OF 
 1 Dillon Heatherington     Devon Teows              60     1   2  2  
 2 Jacob Larsson            Matt Grzelcyk            40     1   2  2  

Penalty Kill - 3 Players Forward 
   Forward                                           Time % Phy DF OF 
 1 Teemu Pulkkinen                                   60     1   2  2  
 2 Adam Brooks                                       40     1   2  2  

Penalty Kill - 3 Players Defense
   Defense                  Defense                  Time % Phy DF OF 
 1 Dillon Heatherington     Devon Teows              60     1   2  2  
 2 Jacob Larsson            Matt Grzelcyk            40     1   2  2  

4 vs 4 Forward 
   Center                   Wing                     Time % Phy DF OF 
 1 Teemu Pulkkinen          Adam Brooks              60     1   2  2  
 2 Ryan Fitzgerald          Richard Nejezchleb       40     1   2  2  

4 vs 4 Defense
   Defense                  Defense                  Time % Phy DF OF 
 1 Dillon Heatherington     Devon Teows              60     1   2  2  
 2 Jacob Larsson            Matt Grzelcyk            40     1   2  2  

Last Minutes Offensive
   Center                   Left Wing                Right Wing               Defense                  Defense                  
   Adam Brooks              Teemu Pulkkinen          Richard Nejezchleb       Dillon Heatherington     Devon Teows              

Last Minutes Defensive
   Center                   Left Wing                Right Wing               Defense                  Defense                  
   Adam Brooks              Teemu Pulkkinen          Richard Nejezchleb       Dillon Heatherington     Devon Teows              

Goaltenders
Starting : Connor Hellebyuk         
Backup : Peyton Jones             

Extra Forwards
Normal : Maxim Mamin, Lauri Pajuniemi, Christopher Paquette - PP : Maxim Mamin, Lauri Pajuniemi - PK : Christopher Paquette
Extra Defensemen
Normal : Spencer Stastney, Xavier Bouchard, Gianni Fairbrother - PP : Spencer Stastney - PK : Xavier Bouchard, Gianni Fairbrother
Penalty Shots
Teemu Pulkkinen, Adam Brooks, Ryan Fitzgerald, Richard Nejezchleb, Michael McCarron
Custom OT Lines Forwards
Teemu Pulkkinen, Adam Brooks, Ryan Fitzgerald, Richard Nejezchleb, Michael McCarron, Vladimir Tkachev, Nathan Noel, Maxim Mamin, Daniel Sprong, Alex Schoenborn
Custom OT Lines Defensemen
Dillon Heatherington, Devon Teows, Jacob Larsson, Matt Grzelcyk, Spencer Stastney

Scratches
Austin Wong (Healthy), Samuel Bolduc (Left Knee Injury), Daniel Bukac (Healthy), Simon Holmstrom (Healthy)

Wolfpack

5 vs 5 Forward 
   Center                   Left Wing                Right Wing               Time % Phy DF OF 
 1 Nolan Patrick            Dryden Hunt              Sebastian Collberg       40     1   2  2  
 2 Alex Barre-Boulet        Alexander Barabanov      Owen Tippet              30     1   2  2  
 3 Jake Marchment           Yegor Korshkov           Linus Sandin             20     1   2  2  
 4 Shane Pinto              Jeffrey Viel             Andrei Altybarmakyan     10     1   2  2  

5 vs 5 Defense 
   Defense                  Defense                                           Time % Phy DF OF 
 1 Derrick Pouliot          Colton White                                      40     1   2  2  
 2 Ryan Culkin              K'Andre Miller                                    30     1   2  2  
 3 Cale Fleury              Joshua Jacobs                                     20     1   2  2  
 4 Derrick Pouliot          Colton White                                      10     1   2  2  

PowerPlay Forward 
   Center                   Left Wing                Right Wing               Time % Phy DF OF 
 1 Nolan Patrick            Dryden Hunt              Sebastian Collberg       60     1   2  2  
 2 Alex Barre-Boulet        Alexander Barabanov      Owen Tippet              40     1   2  2  

PowerPlay Defense
   Defense                  Defense                                           Time % Phy DF OF 
 1 Derrick Pouliot          Colton White                                      60     1   2  2  
 2 Ryan Culkin              K'Andre Miller                                    40     1   2  2  

Penalty Kill 4 Players Forward 
   Center                   Wing                     Time % Phy DF OF 
 1 Nolan Patrick            Dryden Hunt              60     1   2  2  
 2 Alex Barre-Boulet        Alexander Barabanov      40     1   2  2  

Penalty Kill 4 Players Defense
   Defense                  Defense                  Time % Phy DF OF 
 1 Derrick Pouliot          Colton White             60     1   2  2  
 2 Ryan Culkin              K'Andre Miller           40     1   2  2  

Penalty Kill - 3 Players Forward 
   Forward                                           Time % Phy DF OF 
 1 Nolan Patrick                                     60     1   2  2  
 2 Alex Barre-Boulet                                 40     1   2  2  

Penalty Kill - 3 Players Defense
   Defense                  Defense                  Time % Phy DF OF 
 1 Derrick Pouliot          Colton White             60     1   2  2  
 2 Ryan Culkin              K'Andre Miller           40     1   2  2  

4 vs 4 Forward 
   Center                   Wing                     Time % Phy DF OF 
 1 Nolan Patrick            Dryden Hunt              60     1   2  2  
 2 Alex Barre-Boulet        Alexander Barabanov      40     1   2  2  

4 vs 4 Defense
   Defense                  Defense                  Time % Phy DF OF 
 1 Derrick Pouliot          Colton White             60     1   2  2  
 2 Ryan Culkin              K'Andre Miller           40     1   2  2  

Last Minutes Offensive
   Center                   Left Wing                Right Wing               Defense                  Defense                  
   Nolan Patrick            Dryden Hunt              Sebastian Collberg       Derrick Pouliot          Colton White             

Last Minutes Defensive
   Center                   Left Wing                Right Wing               Defense                  Defense                  
   Nolan Patrick            Dryden Hunt              Sebastian Collberg       Derrick Pouliot          Colton White             

Goaltenders
Starting : Charlie Lindgren         
Backup : Samuel Ersson            

Extra Forwards
Normal : Alexander Barabanov, Alex Barre-Boulet, Jake Marchment - PP : Alexander Barabanov, Alex Barre-Boulet - PK : Alexander Barabanov
Extra Defensemen
Normal : K'Andre Miller, Cale Fleury, Joshua Jacobs - PP : K'Andre Miller - PK : K'Andre Miller, Cale Fleury
Penalty Shots
Sebastian Collberg, Nolan Patrick, Owen Tippet, Dryden Hunt, Alexander Barabanov
Custom OT Lines Forwards
Sebastian Collberg, Nolan Patrick, Owen Tippet, Dryden Hunt, Alexander Barabanov, Alex Barre-Boulet, Jake Marchment, Linus Sandin, Andrei Altybarmakyan, Yegor Korshkov
Custom OT Lines Defensemen
Derrick Pouliot, Colton White, Ryan Culkin, K'Andre Miller, Cale Fleury

Scratches
Ryan Poehling (Healthy), Mason Shaw (Healthy), Ben Jones (Healthy), Samuel Houde (Healthy), Dylan Samberg (Healthy)
Mikhail Vorobyev (Healthy), Andrew Peeke (Healthy), Dante Fabbro (Healthy), Alexander Volkov (Healthy), Jack Drury (Healthy)
Jakub Lauko (Healthy), Martin Kaut (Healthy), Mathias Laferriere (Healthy), Maxwell Crozier (Healthy), Will Francis (Healthy)
Dustin Wolf (Healthy)

% Time on Ice - Americans

Lines # - Real PCT - Wanted PCT - Time Play
Normal Forward
1 - 32% - 40% - 12:48
2 - 28% - 30% - 11:13
3 - 23% - 20% - 9:11
4 - 17% - 10% - 6:55
Normal Defense
1 - 38% - 40% - 15:06
2 - 27% - 30% - 10:53
3 - 23% - 20% - 9:23
4 - 12% - 10% - 4:45
PP Forward
1 - 54% - 60% - 4:41
2 - 46% - 40% - 4:00
PP Defense
1 - 67% - 60% - 5:50
2 - 33% - 40% - 2:51
PK Forward
1 - 70% - 60% - 7:04
2 - 30% - 40% - 3:06
PK Defense
1 - 56% - 60% - 5:41
2 - 44% - 40% - 4:29
PK3 Forward
1 - 0% - 60%
2 - 0% - 40%
PK3 Defense
1 - 0% - 60%
2 - 0% - 40%
44 Forward
1 - 69% - 60% - 0:43
2 - 31% - 40% - 0:19
44 Defense
1 - 63% - 60% - 0:39
2 - 37% - 40% - 0:23
Last Minute Offensive  - 0:00
Last Minute Defensive  - 0:00
Total
Forward - 60:00
Defense - 60:00

% Time on Ice - Wolfpack

Lines # - Real PCT - Wanted PCT - Time Play
Normal Forward
1 - 30% - 40% - 12:10
2 - 27% - 30% - 10:44
3 - 24% - 20% - 9:27
4 - 19% - 10% - 7:46
Normal Defense
1 - 41% - 40% - 16:18
2 - 33% - 30% - 13:15
3 - 25% - 20% - 9:55
4 - 2% - 10% - 0:39
PP Forward
1 - 57% - 60% - 5:49
2 - 43% - 40% - 4:21
PP Defense
1 - 57% - 60% - 5:46
2 - 43% - 40% - 4:24
PK Forward
1 - 75% - 60% - 6:31
2 - 25% - 40% - 2:10
PK Defense
1 - 62% - 60% - 5:22
2 - 38% - 40% - 3:19
PK3 Forward
1 - 0% - 60%
2 - 0% - 40%
PK3 Defense
1 - 0% - 60%
2 - 0% - 40%
44 Forward
1 - 66% - 60% - 0:41
2 - 34% - 40% - 0:21
44 Defense
1 - 53% - 60% - 0:33
2 - 47% - 40% - 0:29
Last Minute Offensive  - 0:00
Last Minute Defensive  - 0:00
Total
Forward - 60:00
Defense - 60:00

Play-by-Play

1st period


0:01 of 1st period - Teemu Pulkkinen wins face-off versus Nolan Patrick in neutral zone.
1:10 of 1st period - Snap shot by Andrei Altybarmakyan.
1:10 of 1st period - Shot Misses the Net.
1:12 of 1st period - Wrist shot by Shane Pinto.
1:12 of 1st period - Stopped by Connor Hellebyuk with a rebound.
1:59 of 1st period - Wrist shot by Richard Nejezchleb.
1:59 of 1st period - Shot Blocked by Joshua Jacobs.
2:15 of 1st period - Derrick Pouliot is hit by Xavier Bouchard.
2:41 of 1st period - Snap shot by John Leonard.
2:41 of 1st period - Stopped by Charlie Lindgren without a rebound.
2:42 of 1st period - Nathan Noel wins face-off versus Nolan Patrick in Wolfpack zone.
3:09 of 1st period - Dillon Heatherington is hit by Derrick Pouliot and loses puck.
3:30 of 1st period - Snap shot by Linus Sandin.
3:30 of 1st period - Stopped by Connor Hellebyuk with a rebound.
3:57 of 1st period - Dmitri Semykin is hit by Jeffrey Viel and loses puck.
4:30 of 1st period - Snap shot by Vladimir Tkachev.
4:30 of 1st period - Shot Misses the Net.
4:54 of 1st period - Wrist shot by Yegor Korshkov.
4:54 of 1st period - Shot Blocked by Richard Nejezchleb.
5:31 of 1st period - Nathan Noel is hit by Colton White and loses puck.
5:36 of 1st period - Slapshot by Nolan Patrick.
5:36 of 1st period - Stopped by Connor Hellebyuk with a rebound.
5:57 of 1st period - Snap shot by Vladimir Tkachev.
5:57 of 1st period - Shot Blocked by K'Andre Miller.
6:36 of 1st period - Backhand shot by Teemu Pulkkinen.
6:36 of 1st period - Deflect By Derrick Pouliot.
6:36 of 1st period - Shot Blocked by Nolan Patrick.
6:36 of 1st period - Puck is out of play.
6:37 of 1st period - Ryan Fitzgerald wins face-off versus Nolan Patrick in Wolfpack zone.
6:38 of 1st period - Slapshot by Vladimir Tkachev.
6:38 of 1st period - Deflect By Ryan Fitzgerald.
6:38 of 1st period - Stopped by Charlie Lindgren with a rebound.
7:04 of 1st period - Icing by Jacob Larsson.
7:05 of 1st period - Ryan Fitzgerald wins face-off versus Alex Barre-Boulet in Americans zone.
7:40 of 1st period - Colton White is hit by Matt Grzelcyk and loses puck.
8:29 of 1st period - Icing by Xavier Bouchard.
8:30 of 1st period - Adam Brooks wins face-off versus Owen Tippet in Americans zone.
8:39 of 1st period - K'Andre Miller is hit by Teemu Pulkkinen and loses puck.
9:06 of 1st period - Icing by K'Andre Miller.
9:07 of 1st period - Nolan Patrick wins face-off versus Adam Brooks in Wolfpack zone.
9:13 of 1st period - Minor Penalty to Devon Teows for High sticking.
9:14 of 1st period - Teemu Pulkkinen wins face-off versus Nolan Patrick in Americans zone.
10:16 of 1st period - Icing by Sebastian Collberg.
10:17 of 1st period - Nolan Patrick wins face-off versus Ryan Fitzgerald in Wolfpack zone.
10:24 of 1st period - Slapshot by Ryan Fitzgerald.
10:24 of 1st period - Stopped by Charlie Lindgren without a rebound.
10:25 of 1st period - Alex Barre-Boulet wins face-off versus Teemu Pulkkinen in Wolfpack zone.
10:25 of 1st period - Alex Barre-Boulet is hit by Matt Grzelcyk.
10:41 of 1st period - Slapshot by Derrick Pouliot.
10:41 of 1st period - Shot Hit the Post.
11:13 of 1st period - Penalty to Devon Teows is over, Devon Teows is back on ice.
11:39 of 1st period - Double Minor Penalty to Linus Sandin for High sticking.
11:40 of 1st period - Nolan Patrick wins face-off versus Adam Brooks in Wolfpack zone.
11:45 of 1st period - Slapshot by Derrick Pouliot.
11:45 of 1st period - Deflect By Nolan Patrick.
11:45 of 1st period - Shot Misses the Net.
11:45 of 1st period - Puck is out of play.
11:46 of 1st period - Nolan Patrick wins face-off versus Adam Brooks in Americans zone.
12:17 of 1st period - Slapshot by Ryan Fitzgerald.
12:17 of 1st period - Goal by Ryan Fitzgerald - Americans : 1 - Wolfpack : 0.
12:18 of 1st period - Adam Brooks wins face-off versus Nolan Patrick in neutral zone.
12:55 of 1st period - Wrist shot by Alex Barre-Boulet.
12:55 of 1st period - Stopped by Connor Hellebyuk without a rebound.
12:56 of 1st period - Nolan Patrick wins face-off versus Ryan Fitzgerald in Americans zone.
13:07 of 1st period - Wrist shot by Vladimir Tkachev.
13:07 of 1st period - Shot Misses the Net.
13:31 of 1st period - Snap shot by Teemu Pulkkinen.
13:31 of 1st period - Stopped by Charlie Lindgren with a rebound.
13:42 of 1st period - Icing by Vladimir Tkachev.
13:43 of 1st period - Ryan Fitzgerald wins face-off versus Nolan Patrick in Americans zone.
14:11 of 1st period - Snap shot by Jacob Larsson.
14:11 of 1st period - Deflect By Daniel Sprong.
14:11 of 1st period - Shot Blocked by Derrick Pouliot.
14:11 of 1st period - Puck is out of play.
14:12 of 1st period - Adam Brooks wins face-off versus Alex Barre-Boulet in Wolfpack zone.
14:17 of 1st period - Penalty to Linus Sandin is over, Linus Sandin is back on ice.
14:31 of 1st period - Wrist shot by Linus Sandin.
14:31 of 1st period - Stopped by Connor Hellebyuk with a rebound.
15:00 of 1st period - Wrist shot by Alexander Barabanov.
15:00 of 1st period - Stopped by Connor Hellebyuk without a rebound.
15:01 of 1st period - Nolan Patrick wins face-off versus Ryan Fitzgerald in Americans zone.
15:08 of 1st period - Wrist shot by Ryan Fitzgerald.
15:08 of 1st period - Shot Blocked by Derrick Pouliot.
15:10 of 1st period - Slapshot by Matt Grzelcyk.
15:10 of 1st period - Shot Misses the Net.
15:12 of 1st period - Slapshot by Vladimir Tkachev.
15:12 of 1st period - Stopped by Charlie Lindgren with a rebound.
15:14 of 1st period - Wrist shot by Daniel Sprong.
15:14 of 1st period - Shot Blocked by Dryden Hunt.
15:16 of 1st period - Wrist shot by Ryan Fitzgerald.
15:16 of 1st period - Shot Misses the Net.
16:07 of 1st period - Dillon Heatherington is hit by Nolan Patrick and loses puck.
16:26 of 1st period - Joshua Jacobs is hit by Teemu Pulkkinen and loses puck.
16:41 of 1st period - Backhand shot by Dillon Heatherington.
16:41 of 1st period - Shot Misses the Net.
16:43 of 1st period - Slapshot by Dillon Heatherington.
16:43 of 1st period - Shot Misses the Net.
16:49 of 1st period - Wrist shot by Alex Schoenborn.
16:49 of 1st period - Shot Blocked by Cale Fleury.
18:00 of 1st period - Snap shot by Andrei Altybarmakyan.
18:00 of 1st period - Stopped by Connor Hellebyuk without a rebound.
18:01 of 1st period - Ryan Fitzgerald wins face-off versus Shane Pinto in Americans zone.
18:16 of 1st period - Derrick Pouliot is hit by Spencer Stastney and loses puck.
18:23 of 1st period - Ryan Fitzgerald is hit by Shane Pinto and loses puck.
18:32 of 1st period - Xavier Bouchard is hit by Andrei Altybarmakyan and loses puck.
19:26 of 1st period - Wrist shot by Andrei Altybarmakyan.
19:26 of 1st period - Stopped by Connor Hellebyuk without a rebound.
19:27 of 1st period - Adam Brooks wins face-off versus Nolan Patrick in Americans zone.
19:42 of 1st period - Backhand shot by Nolan Patrick.
19:42 of 1st period - Shot Misses the Net.
19:52 of 1st period - Derrick Pouliot is hit by Michael McCarron.
Goals for this period are 1 for Americans vs 0 for Wolfpack.
Shots for this period are 6 for Americans vs 8 for Wolfpack.

2nd period


0:01 of 2nd period - Adam Brooks wins face-off versus Nolan Patrick in neutral zone.
0:06 of 2nd period - Slapshot by Teemu Pulkkinen.
0:06 of 2nd period - Stopped by Charlie Lindgren with a rebound.
0:08 of 2nd period - Slapshot by Dillon Heatherington.
0:08 of 2nd period - Stopped by Charlie Lindgren with a rebound.
0:10 of 2nd period - Backhand shot by Devon Teows.
0:10 of 2nd period - Stopped by Charlie Lindgren with a rebound.
0:12 of 2nd period - Snap shot by Adam Brooks.
0:12 of 2nd period - Stopped by Charlie Lindgren without a rebound.
0:13 of 2nd period - Nolan Patrick wins face-off versus Richard Nejezchleb in Wolfpack zone.
0:13 of 2nd period - Nolan Patrick is hit by Adam Brooks.
0:16 of 2nd period - Minor Penalty to Nolan Patrick for Tripping.
0:17 of 2nd period - Adam Brooks wins face-off versus Dryden Hunt in Wolfpack zone.
2:16 of 2nd period - Penalty to Nolan Patrick is over, Nolan Patrick is back on ice.
2:23 of 2nd period - Backhand shot by Sebastian Collberg.
2:23 of 2nd period - Deflect By Nolan Patrick.
2:23 of 2nd period - Shot Misses the Net.
2:23 of 2nd period - Puck is out of play.
2:24 of 2nd period - Nolan Patrick wins face-off versus Michael McCarron in Americans zone.
2:25 of 2nd period - Wrist shot by Sebastian Collberg.
2:25 of 2nd period - Shot Misses the Net.
2:29 of 2nd period - Slapshot by Sebastian Collberg.
2:29 of 2nd period - Stopped by Connor Hellebyuk without a rebound.
2:30 of 2nd period - Nolan Patrick wins face-off versus Teemu Pulkkinen in Americans zone.
2:58 of 2nd period - Snap shot by Linus Sandin.
2:58 of 2nd period - Stopped by Connor Hellebyuk with a rebound.
3:00 of 2nd period - Wrist shot by Linus Sandin.
3:00 of 2nd period - Shot Misses the Net.
3:02 of 2nd period - Snap shot by Jake Marchment.
3:02 of 2nd period - Shot Misses the Net.
3:04 of 2nd period - Snap shot by Jake Marchment.
3:04 of 2nd period - Shot Misses the Net.
3:06 of 2nd period - Wrist shot by Yegor Korshkov.
3:06 of 2nd period - Stopped by Connor Hellebyuk with a rebound.
4:11 of 2nd period - Icing by Devon Teows.
4:12 of 2nd period - Ryan Fitzgerald wins face-off versus Jake Marchment in Americans zone.
4:38 of 2nd period - Slapshot by Teemu Pulkkinen.
4:38 of 2nd period - Shot Misses the Net.
4:48 of 2nd period - Snap shot by Nolan Patrick.
4:48 of 2nd period - Shot Misses the Net.
5:00 of 2nd period - Snap shot by Michael McCarron.
5:00 of 2nd period - Shot Blocked by K'Andre Miller.
5:34 of 2nd period - Minor Penalty to Jeffrey Viel for Delaying the game.
5:35 of 2nd period - Nolan Patrick wins face-off versus Adam Brooks in Wolfpack zone.
5:44 of 2nd period - Wrist shot by Teemu Pulkkinen.
5:44 of 2nd period - Shot Misses the Net.
5:48 of 2nd period - Slapshot by Adam Brooks.
5:48 of 2nd period - Shot Misses the Net.
5:50 of 2nd period - Wrist shot by Adam Brooks.
5:50 of 2nd period - Shot Misses the Net.
7:34 of 2nd period - Penalty to Jeffrey Viel is over, Jeffrey Viel is back on ice.
7:39 of 2nd period - Off-side.
7:40 of 2nd period - Michael McCarron wins face-off versus Jake Marchment in neutral zone.
7:55 of 2nd period - Wrist shot by Yegor Korshkov.
7:55 of 2nd period - Stopped by Connor Hellebyuk with a rebound.
9:08 of 2nd period - Minor Penalty to Gianni Fairbrother for Tripping.
9:09 of 2nd period - Teemu Pulkkinen wins face-off versus Nolan Patrick in Americans zone.
9:34 of 2nd period - Devon Teows is hit by Alexander Barabanov and loses puck.
10:08 of 2nd period - Snap shot by Jacob Larsson.
10:08 of 2nd period - Stopped by Charlie Lindgren without a rebound.
10:09 of 2nd period - Teemu Pulkkinen wins face-off versus Alex Barre-Boulet in Wolfpack zone.
10:25 of 2nd period - Devon Teows is hit by Nolan Patrick and loses puck.
11:08 of 2nd period - Penalty to Gianni Fairbrother is over, Gianni Fairbrother is back on ice.
11:58 of 2nd period - Icing by Joshua Jacobs.
11:59 of 2nd period - Ryan Fitzgerald wins face-off versus Jake Marchment in Wolfpack zone.
12:12 of 2nd period - Wrist shot by Ryan Fitzgerald.
12:12 of 2nd period - Shot Blocked by Jake Marchment.
12:22 of 2nd period - Xavier Bouchard is hit by Jake Marchment.
12:30 of 2nd period - Slapshot by Devon Teows.
12:30 of 2nd period - Shot Blocked by K'Andre Miller.
12:32 of 2nd period - Snap shot by Vladimir Tkachev.
12:32 of 2nd period - Stopped by Charlie Lindgren with a rebound.
12:34 of 2nd period - Slapshot by Devon Teows.
12:34 of 2nd period - Stopped by Charlie Lindgren without a rebound.
12:35 of 2nd period - Adam Brooks wins face-off versus Nolan Patrick in Wolfpack zone.
12:48 of 2nd period - Backhand shot by Nolan Patrick.
12:48 of 2nd period - Stopped by Connor Hellebyuk with a rebound.
12:50 of 2nd period - Slapshot by Colton White.
12:50 of 2nd period - Shot Misses the Net.
13:00 of 2nd period - Owen Tippet is hit by Alex Schoenborn and loses puck.
13:05 of 2nd period - Slapshot by John Leonard.
13:05 of 2nd period - Shot Misses the Net.
13:39 of 2nd period - Vladimir Tkachev is hit by K'Andre Miller and loses puck.
14:08 of 2nd period - Teemu Pulkkinen is hit by Owen Tippet and loses puck.
14:33 of 2nd period - Snap shot by Alex Schoenborn.
14:33 of 2nd period - Shot Misses the Net.
14:35 of 2nd period - Wrist shot by Zachary Senyshyn.
14:35 of 2nd period - Stopped by Charlie Lindgren with a rebound.
14:37 of 2nd period - Snap shot by Felix Bibeau.
14:37 of 2nd period - Stopped by Charlie Lindgren with a rebound.
14:41 of 2nd period - Snap shot by Zachary Senyshyn.
14:41 of 2nd period - Shot Misses the Net.
14:43 of 2nd period - Slapshot by Nathan Noel.
14:43 of 2nd period - Stopped by Charlie Lindgren with a rebound.
15:03 of 2nd period - Slapshot by Ryan Fitzgerald.
15:03 of 2nd period - Stopped by Charlie Lindgren without a rebound.
15:04 of 2nd period - Adam Brooks wins face-off versus Sebastian Collberg in Wolfpack zone.
15:16 of 2nd period - Backhand shot by Nolan Patrick.
15:16 of 2nd period - Stopped by Connor Hellebyuk with a rebound.
15:18 of 2nd period - Slapshot by Derrick Pouliot.
15:18 of 2nd period - Stopped by Connor Hellebyuk with a rebound.
15:40 of 2nd period - Wrist shot by Vladimir Tkachev.
15:40 of 2nd period - Stopped by Charlie Lindgren with a rebound.
15:57 of 2nd period - Snap shot by Jake Marchment.
15:57 of 2nd period - Goal by Jake Marchment - Americans : 1 - Wolfpack : 1.
15:58 of 2nd period - Nolan Patrick wins face-off versus Richard Nejezchleb in neutral zone.
16:05 of 2nd period - Wrist shot by Nolan Patrick.
16:05 of 2nd period - Shot Misses the Net.
16:07 of 2nd period - Slapshot by Nolan Patrick.
16:07 of 2nd period - Stopped by Connor Hellebyuk with a rebound.
16:09 of 2nd period - Snap shot by Sebastian Collberg.
16:09 of 2nd period - Stopped by Connor Hellebyuk with a rebound.
16:11 of 2nd period - Snap shot by Nolan Patrick.
16:11 of 2nd period - Shot Misses the Net.
16:13 of 2nd period - Slapshot by Ryan Culkin.
16:13 of 2nd period - Deflect By Nolan Patrick.
16:13 of 2nd period - Shot Misses the Net.
16:13 of 2nd period - Puck is out of play.
16:14 of 2nd period - Vladimir Tkachev wins face-off versus Alex Barre-Boulet in Americans zone.
16:39 of 2nd period - Derrick Pouliot is hit by Devon Teows and loses puck.
17:06 of 2nd period - Yegor Korshkov is hit by Matt Grzelcyk and loses puck.
17:25 of 2nd period - Slapshot by Matt Grzelcyk.
17:25 of 2nd period - Shot Misses the Net.
17:27 of 2nd period - Slapshot by Ryan Fitzgerald.
17:27 of 2nd period - Stopped by Charlie Lindgren with a rebound.
17:39 of 2nd period - Minor Penalty to Ryan Culkin for High sticking.
17:40 of 2nd period - Nolan Patrick wins face-off versus Adam Brooks in Wolfpack zone.
18:32 of 2nd period - Slapshot by Alex Barre-Boulet.
18:32 of 2nd period - Shot Misses the Net.
18:34 of 2nd period - Wrist shot by Alexander Barabanov.
18:34 of 2nd period - Goal by Alexander Barabanov - Americans : 1 - Wolfpack : 2.
18:35 of 2nd period - Adam Brooks wins face-off versus Nolan Patrick in neutral zone.
18:48 of 2nd period - Wrist shot by Teemu Pulkkinen.
18:48 of 2nd period - Goal by Teemu Pulkkinen - Americans : 2 - Wolfpack : 2.
18:49 of 2nd period - Nolan Patrick wins face-off versus Adam Brooks in neutral zone.
18:58 of 2nd period - Snap shot by Nolan Patrick.
18:58 of 2nd period - Shot Misses the Net.
19:00 of 2nd period - Snap shot by Dryden Hunt.
19:00 of 2nd period - Shot Misses the Net.
19:02 of 2nd period - Slapshot by Dryden Hunt.
19:02 of 2nd period - Stopped by Connor Hellebyuk without a rebound.
19:03 of 2nd period - Nolan Patrick wins face-off versus Adam Brooks in Americans zone.
19:04 of 2nd period - Snap shot by Sebastian Collberg.
19:04 of 2nd period - Shot Misses the Net.
19:06 of 2nd period - Snap shot by Derrick Pouliot.
19:06 of 2nd period - Stopped by Connor Hellebyuk without a rebound.
19:07 of 2nd period - Adam Brooks wins face-off versus Nolan Patrick in Americans zone.
19:12 of 2nd period - Nolan Patrick is hit by Adam Brooks and loses puck.
Goals for this period are 1 for Americans vs 2 for Wolfpack.
Shots for this period are 14 for Americans vs 13 for Wolfpack.

3rd period


0:01 of 3rd period - Nolan Patrick wins face-off versus Adam Brooks in neutral zone.
0:10 of 3rd period - Snap shot by Derrick Pouliot.
0:10 of 3rd period - Shot Misses the Net.
0:12 of 3rd period - Wrist shot by Nolan Patrick.
0:12 of 3rd period - Shot Blocked by Dillon Heatherington.
0:16 of 3rd period - Snap shot by Nolan Patrick.
0:16 of 3rd period - Shot Misses the Net.
2:03 of 3rd period - Snap shot by Michael McCarron.
2:03 of 3rd period - Shot Misses the Net.
2:12 of 3rd period - Icing by Spencer Stastney.
2:13 of 3rd period - Ryan Fitzgerald wins face-off versus Dryden Hunt in Americans zone.
2:18 of 3rd period - Slapshot by Nolan Patrick.
2:18 of 3rd period - Shot Blocked by Ryan Fitzgerald.
2:57 of 3rd period - Snap shot by Adam Brooks.
2:57 of 3rd period - Shot Misses the Net.
2:59 of 3rd period - Slapshot by Xavier Bouchard.
2:59 of 3rd period - Deflect By Alex Schoenborn.
2:59 of 3rd period - Stopped by Charlie Lindgren without a rebound.
3:00 of 3rd period - Jake Marchment wins face-off versus Michael McCarron in Wolfpack zone.
3:51 of 3rd period - Slapshot by Jacob Larsson.
3:51 of 3rd period - Stopped by Charlie Lindgren with a rebound.
4:38 of 3rd period - Snap shot by Jake Marchment.
4:38 of 3rd period - Shot Misses the Net.
4:40 of 3rd period - Snap shot by Yegor Korshkov.
4:40 of 3rd period - Shot Misses the Net.
4:42 of 3rd period - Slapshot by Colton White.
4:42 of 3rd period - Wolfpack goal is going for a video replay.
4:42 of 3rd period - The goal is good.
4:42 of 3rd period - Goal by Colton White - Americans : 2 - Wolfpack : 3.
4:43 of 3rd period - Nolan Patrick wins face-off versus Adam Brooks in neutral zone.
4:53 of 3rd period - Minor Penalty to Devon Teows for Hooking.
4:54 of 3rd period - Teemu Pulkkinen wins face-off versus Sebastian Collberg in Americans zone.
5:08 of 3rd period - Dillon Heatherington is hit by Sebastian Collberg and loses puck.
5:53 of 3rd period - Off-side.
5:54 of 3rd period - Nolan Patrick wins face-off versus Ryan Fitzgerald in neutral zone.
5:57 of 3rd period - Slapshot by Colton White.
5:57 of 3rd period - Stopped by Connor Hellebyuk with a rebound.
5:59 of 3rd period - Wrist shot by Derrick Pouliot.
5:59 of 3rd period - Stopped by Connor Hellebyuk with a rebound.
6:01 of 3rd period - Wrist shot by Sebastian Collberg.
6:01 of 3rd period - Wolfpack goal is going for a video replay.
6:01 of 3rd period - The goal is good.
6:01 of 3rd period - Goal by Sebastian Collberg - Americans : 2 - Wolfpack : 4.
6:02 of 3rd period - Nolan Patrick wins face-off versus Adam Brooks in neutral zone.
6:11 of 3rd period - Slapshot by Sebastian Collberg.
6:11 of 3rd period - Goal by Sebastian Collberg - Americans : 2 - Wolfpack : 5.
6:12 of 3rd period - Adam Brooks wins face-off versus Nolan Patrick in neutral zone.
6:17 of 3rd period - Wrist shot by Richard Nejezchleb.
6:17 of 3rd period - Stopped by Charlie Lindgren with a rebound.
6:38 of 3rd period - Daniel Sprong is hit by Alex Barre-Boulet and loses puck.
7:35 of 3rd period - Spencer Stastney is hit by Linus Sandin and loses puck.
7:50 of 3rd period - Snap shot by Nolan Patrick.
7:50 of 3rd period - Deflect By Dryden Hunt.
7:50 of 3rd period - Stopped by Connor Hellebyuk without a rebound.
7:51 of 3rd period - Nolan Patrick wins face-off versus Adam Brooks in Americans zone.
7:52 of 3rd period - Snap shot by Sebastian Collberg.
7:52 of 3rd period - Deflect By Nolan Patrick.
7:52 of 3rd period - Stopped by Connor Hellebyuk with a rebound.
8:08 of 3rd period - Dryden Hunt is hit by Richard Nejezchleb and loses puck.
8:21 of 3rd period - Ryan Fitzgerald is hit by Jake Marchment.
8:51 of 3rd period - Snap shot by Devon Teows.
8:51 of 3rd period - Shot Blocked by Cale Fleury.
9:37 of 3rd period - Richard Nejezchleb is hit by Nolan Patrick and loses puck.
9:58 of 3rd period - Daniel Sprong is hit by Jake Marchment and loses puck.
10:32 of 3rd period - Minor Penalty to Shane Pinto for Tripping.
10:33 of 3rd period - Richard Nejezchleb wins face-off versus Nolan Patrick in Wolfpack zone.
10:46 of 3rd period - Snap shot by Teemu Pulkkinen.
10:46 of 3rd period - Shot Blocked by Ryan Culkin.
10:48 of 3rd period - Wrist shot by Adam Brooks.
10:48 of 3rd period - Stopped by Charlie Lindgren without a rebound.
10:49 of 3rd period - Adam Brooks wins face-off versus Nolan Patrick in Wolfpack zone.
10:52 of 3rd period - Snap shot by Teemu Pulkkinen.
10:52 of 3rd period - Shot Misses the Net.
10:54 of 3rd period - Snap shot by Adam Brooks.
10:54 of 3rd period - Shot Misses the Net.
10:56 of 3rd period - Wrist shot by Devon Teows.
10:56 of 3rd period - Shot Blocked by Derrick Pouliot.
10:58 of 3rd period - Wrist shot by Richard Nejezchleb.
10:58 of 3rd period - Shot Blocked by Colton White.
11:00 of 3rd period - Wrist shot by Teemu Pulkkinen.
11:00 of 3rd period - Shot Misses the Net.
11:02 of 3rd period - Snap shot by Richard Nejezchleb.
11:02 of 3rd period - Shot Misses the Net.
11:04 of 3rd period - Slapshot by Dillon Heatherington.
11:04 of 3rd period - Shot Blocked by Nolan Patrick.
11:29 of 3rd period - Major Penalty to Devon Teows for Boarding.
11:30 of 3rd period - Teemu Pulkkinen wins face-off versus Nolan Patrick in Americans zone.
11:36 of 3rd period - Slapshot by Teemu Pulkkinen.
11:36 of 3rd period - Stopped by Charlie Lindgren with a rebound.
12:15 of 3rd period - Jacob Larsson is hit by Derrick Pouliot and loses puck.
12:32 of 3rd period - Penalty to Shane Pinto is over, Shane Pinto is back on ice.
13:06 of 3rd period - Wrist shot by Alex Barre-Boulet.
13:06 of 3rd period - Stopped by Connor Hellebyuk without a rebound.
13:07 of 3rd period - Alex Barre-Boulet wins face-off versus Teemu Pulkkinen in Americans zone.
13:14 of 3rd period - Slapshot by Alexander Barabanov.
13:14 of 3rd period - Deflect By Owen Tippet.
13:14 of 3rd period - Stopped by Connor Hellebyuk with a rebound.
13:16 of 3rd period - Snap shot by Alexander Barabanov.
13:16 of 3rd period - Shot Blocked by Xavier Bouchard.
13:18 of 3rd period - Wrist shot by Alexander Barabanov.
13:18 of 3rd period - Shot Blocked by Adam Brooks.
14:04 of 3rd period - Slapshot by Ryan Culkin.
14:04 of 3rd period - Stopped by Connor Hellebyuk without a rebound.
14:05 of 3rd period - Christopher Paquette wins face-off versus Jake Marchment in Americans zone.
14:33 of 3rd period - Derrick Pouliot is hit by Dillon Heatherington and loses puck.
15:49 of 3rd period - Icing by Jeffrey Viel.
15:50 of 3rd period - Christopher Paquette wins face-off versus Jake Marchment in Wolfpack zone.
16:29 of 3rd period - Penalty to Devon Teows is over, Devon Teows is back on ice.
17:39 of 3rd period - Slapshot by Richard Nejezchleb.
17:39 of 3rd period - Shot Misses the Net.
18:07 of 3rd period - Wrist shot by Nolan Patrick.
18:07 of 3rd period - Shot Blocked by Ryan Fitzgerald.
18:43 of 3rd period - Off-side.
18:44 of 3rd period - Nolan Patrick wins face-off versus Adam Brooks in neutral zone.
18:52 of 3rd period - Minor Penalty to Richard Nejezchleb for Cross-checking.
18:53 of 3rd period - Nolan Patrick wins face-off versus Teemu Pulkkinen in Americans zone.
19:47 of 3rd period - Teemu Pulkkinen is hit by Ryan Culkin and loses puck.
Goals for this period are 0 for Americans vs 3 for Wolfpack.
Shots for this period are 5 for Americans vs 10 for Wolfpack.